 Dungeon Crawl Stone Soup version 0.30.0-15-g856e2d3f33 (webtiles) character file.

Game seed: 5419741026821102186

82556 McKennaii the Devastator (level 14, 0/93 HPs)
             Began as a Demigod Conjurer on May 18, 2023.
             Slain by a reaper
             ... wielding a +3 scythe of freezing
              (31 damage)
             ... in an ice cave.
             The game lasted 01:03:47 (33913 turns).

McKennaii the Devastator (Demigod Conjurer)        Turns: 33913, Time: 01:03:48

Health: 0/93       AC: 23    Str:  8    XL:     14   Next: 90%
Magic:  0/39       EV: 11    Int: 42    God:
Gold:   1259       SH: 13    Dex: 12    Spells: 32/44 levels left

rFire   + + .        H - +4 scimitar (flame)
rCold   + . .        N - +3 warlock's mirror {omnireflect}
rNeg    + . .        P - +5 steam dragon scales
rPois   .            e - +2 hat {Int+3}
rElec   +            a - +2 cloak
rCorr   .            G - +0 pair of gloves
SInv    .            p - +2 pair of boots {Fly}
Will    .....        S - amulet "Holuty" {Reflect rElec rF++ Will- SH+5}
Stlth   ++           x - ring of protection from cold
HPRegen 0.35/turn    I - ring "Bodick" {rN+ AC+4 Int+3}
MPRegen 0.26/turn

%: reflection
@: flying
A: high MP 1, forlorn, divine attributes
a: no special abilities


You were in an ice cave.
You visited 2 branches of the dungeon, and saw 20 of its levels.
You also visited: Trove, Sewer, Bailey, Ice Cave and Volcano.

You collected 1819 gold pieces.
You spent 560 gold pieces at shops.

Inventory:

Hand Weapons
 H - a +4 scimitar of flaming (weapon)
Armour
 a - a +2 cloak (worn)
 e - a +2 hat of intelligence (worn)
 p - a +2 pair of boots of flying (worn)
 G - a +0 pair of gloves (worn)
 N - the +3 warlock's mirror (worn) {omnireflect}
   (You bought it in a shop on level 11 of the Dungeon)

   Omnireflect: It can block and reflect piercing ranged attacks and magical
   attacks against the wielder's willpower.
 P - +5 steam dragon scales (worn)
Jewellery
 w - a ring of protection from cold
 x - a ring of protection from cold (left hand)
 C - a ring of resist corrosion
 E - the ring "Raduxt" {rF+ MP+9 SInv}
   (You found it in a treasure trove)

   [ring of magical power]

   rF:        It protects you from fire.
   MP:        It affects your magic capacity (+9).
   SInv:      It lets you see invisible.
 I - the ring "Bodick" (right hand) {rN+ AC+4 Int+3}
   (You took it off a gnoll on level 8 of the Dungeon)

   [ring of protection]

   AC:        It affects your AC (+4).
   Int:       It affects your intelligence (+3).
   rN:        It protects you from negative energy.
 M - the ring of Ecwyrr {Fly rPois rF+ Int+2}
   (You found it on level 11 of the Dungeon)

   [ring of flight]

   Int:       It affects your intelligence (+2).
   rF:        It protects you from fire.
   rPois:     It protects you from poison.
   Fly:       It grants you flight.
 Q - a ring of willpower
 S - the amulet "Holuty" (around neck) {Reflect rElec rF++ Will- SH+5}
   (You found it in a treasure trove)

   [amulet of reflection]

   It reflects blocked missile attacks.
   rF:        It greatly protects you from fire.
   rElec:     It insulates you from electricity.
   SH:        It affects your SH (+5).
   Will:      It decreases your willpower.
 T - the amulet "Acaet" {Acrobat rN++}
   (You found it in a treasure trove)

   [amulet of the acrobat]

   It increases your evasion while moving and waiting.
   rN:        It greatly protects you from negative energy.
 Z - the ring of Nuvvupoll {Wiz rPois}
   (You found it on level 7 of the Dungeon)

   [ring of wizardry]

   It improves your spell success rate.
   rPois:     It protects you from poison.
Wands
 U - a wand of charming (6)
 V - a wand of flame (7)
 W - a wand of iceblast (8)
 X - a wand of mindburst (11)
Scrolls
 d - a scroll of noise {unknown}
 f - 2 scrolls of fog
 h - 3 scrolls of magic mapping
 k - 6 scrolls of fear
 m - 5 scrolls of poison
 n - 4 scrolls of enchant armour
 o - 3 scrolls of enchant weapon
 t - a scroll of blinking
 v - 2 scrolls of immolation
 y - a scroll of torment
 z - 5 scrolls of teleportation
 A - 7 scrolls of amnesia {unknown}
 L - a scroll of vulnerability {unknown}
Potions
 b - a potion of magic
 c - 11 potions of curing
 g - 6 potions of flight
 i - 4 potions of brilliance
 j - 2 potions of berserk rage
 l - 3 potions of invisibility
 q - 3 potions of haste
 r - 4 potions of attraction
 s - 4 potions of lignification
 u - 3 potions of might {unknown}
 D - 3 potions of resistance
 F - 2 potions of mutation {unknown}
 J - 3 potions of cancellation {unknown}


   Skills:
 - Level 1.7 Dodging
 - Level 1.7 Stealth
 + Level 7.2 Shields
 + Level 15.9 Spellcasting
 + Level 17.4 Conjurations


You had 32 spell levels left.
You knew the following spells:

 Your Spells              Type           Power      Damage    Failure   Level
a - Magic Dart            Conj           100%       1d8       0%          1
b - Searing Ray           Conj           100%       2d8       0%          2
c - Iskenderun's Mystic   Conj/Tloc      82%        2d16      1%          4
f - Freezing Cloud        Conj/Ice/Air   35%        6-21      3%          5

Your spell library contained the following spells:

 Spells                   Type           Power      Damage    Failure   Level
 Freeze                   Ice            100%       1d10      1%          1
 Blink                    Tloc           66%        N/A       1%          2
 Cigotuvi's Dreadful Rot  Necr/Pois/Air  66%        N/A       1%          2
 Lesser Beckoning         Tloc           66%        N/A       1%          2
 Dazzling Flash           Conj/Hex       100%       N/A       1%          3
 Hailstorm                Conj/Ice       82%        3d17      1%          3
 Fulminant Prism          Conj/Hex       41%        3d19      1%          4
 Frozen Ramparts          Ice            66%        1d10      3%          3
 Gell's Gravitas          Tloc           33%        N/A       3%          3
 Ignite Poison            Fire/Tmut/Pois 33%        N/A       3%          3
 Ozocubu's Armour         Ice            33%        N/A       3%          3
 Teleport Other           Tloc           33%        N/A       3%          3
 Manifold Assault         Tloc           33%        N/A       12%         4
 Metabolic Englaciation   Hex/Ice        16%        N/A       32%         5
 Simulacrum               Ice/Necr       16%        N/A       88%         6
 Storm Form               Tmut/Air       16%        N/A       100%        7


Dungeon Overview and Level Annotations

Branches:
Dungeon (15/15)            Temple (0/1) D:7            Lair (5/5) D:11
 Shoals (0/4) Lair:3       Spider (0/4) Lair:3        Slime (0/5) Lair:4
    Orc (0/2) D:10         Vaults (0/5) D:13         Depths (0/4) D:15
  Sewer (visited)          Bailey (visited)           IceCv (1/1)
Volcano (visited)

Shops:
D:11 [

Annotations:
D:13 2 transporters, laial's ghost, journeyman DsBe
D:15 exclusion: 2 ice statues


Innate Abilities, Weirdness & Mutations

You have an increased reservoir of magic. (+10% MP)
You shall have no god before yourself.
Your divine heritage dramatically boosts your attributes as you level up.


Message History

Casting: Searing Ray (safe; 0% risk of failure)
Confirm with . or Enter, or press ? or * to list all spells.
You erupt in a blast of force!
The mystic blast hits the reaper.
The reaper is almost dead.
The reaper is knocked back by the mystic blast.
The reaper slams into the ice covered rock wall!
Unknown command.
Aiming: Throw Flame
Press: ? - help, Shift-Dir - straight line, f/p - reaper
Aim: a reaper, wielding a +3 scythe of freezing, wearing a +0 robe of cold resistance and wearing a ring of protection from cold (almost dead, 68% to hit)
The puff of flame misses the reaper.
Unknown command.
Aiming: Throw Flame
Press: ? - help, Shift-Dir - straight line, f/p - reaper
Aim: a reaper, wielding a +3 scythe of freezing, wearing a +0 robe of cold resistance and wearing a ring of protection from cold (almost dead, 68% to hit)
The puff of flame hits the reaper but does no damage.
The reaper is almost dead.
Unknown command.
Aiming: Throw Flame
Press: ? - help, Shift-Dir - straight line, f/p - reaper
Aim: a reaper, wielding a +3 scythe of freezing, wearing a +0 robe of cold resistance and wearing a ring of protection from cold (almost dead, 68% to hit)
The puff of flame misses the reaper.
The reaper hits you but does no damage.
Casting: Iskenderun's Mystic Blast (safe; 1% risk of failure)
Confirm with . or Enter, or press ? or * to list all spells.
Aiming: Searing Ray (safe; 0% risk of failure)
Press: ? - help, Shift-Dir - straight line, f/p - reaper
Aim: a reaper, wielding a +3 scythe of freezing, wearing a +0 robe of cold resistance and wearing a ring of protection from cold (almost dead, 83% to hit)
The searing ray hits the reaper.
The reaper is almost dead. (Press . to maintain the ray.)
The reaper hits you from afar with a +3 scythe of freezing!
The reaper freezes you.
The searing ray hits the reaper but does no damage.
The reaper is almost dead.
The reaper hits you from afar with a +3 scythe of freezing!!
The reaper freezes you.
Unknown command.
The searing ray misses the reaper.
The reaper hits you from afar with a +3 scythe of freezing!!
You die...

#☼§#°##.....2##)..##..#
§..#§.###....##....#..##
..○...○#...###.)..##..#
.......#...# ##....#2.#
.####...#...# ##.#.##..#
○○....§.....# #..###...#
○§......§#..###...##..##
#§.#.#..##..#≈#.......#
#.##.#.@.≈≈...#...##
##=.#....#≈≈#..#..##
#.).##2.##≈##..####
#.2.....####..##
#......## ##...#
##.....# #...## ##...##
##..## ##### #....##
##.....##


You could see a reaper.

Vanquished Creatures
  3 reapers (IceCv)
  A very ugly thing (IceCv)
  Nessos (D:14)
  A red draconian (Volcano)
  A fire dragon (Lair:4)
  A vault guard (D:12)
  The ghost of Nefuv the Blocker, a journeyman MiBe of Trog (Lair:3)
  2 hydras
  An entropy weaver (shapeshifter) (D:14)
  Erolcha (D:11)
  Erica (D:9)
  An ogre mage (D:15)
  A centaur warrior (D:14)
  4 two-headed ogres
  2 boulder beetles
  3 death yaks (D:11)
  3 tengu warriors
  A salamander mystic (Volcano)
  3 skeletal warriors
  A goliath frog (Lair:5)
  An obsidian statue (IceCv)
  3 spriggan simulacra (IceCv)
  An orange crystal statue (IceCv)
  3 deep elf pyromancers
  3 harpies (Lair:3)
  An ugly thing (D:12)
  2 cyclopes
  3 manticores
  4 salamanders (Volcano)
  Joseph (D:7)
  A black mamba (Lair:5)
  A guardian serpent (shapeshifter) (D:14)
  An elephant (shapeshifter) (D:13)
  4 torpor snails
  4 gargoyles
  15 cane toads
  An unseen horror (D:11)
  15 rime drakes
  A rime drake (shapeshifter) (D:13)
  9 komodo dragons
  9 freezing wraiths (IceCv)
  An anaconda simulacrum (IceCv)
  4 ice devils (IceCv)
  9 meliai
  2 hornets (D:9)
  2 polar bears
  Prince Ribbit (D:7)
  14 blink frogs
  6 dream sheep (Lair:5)
  A centaur simulacrum (D:14)
  4 tyrant leeches (Lair:5)
  4 culicivoras (Lair:3)
  2 shadows
  12 slime creatures
  A spriggan (shapeshifter) (D:14)
  7 spriggans
  2 wyverns
  2 wraiths
  A basilisk (D:14)
  9 steam dragons
  56 yaks
  3 fire bats (Lair:5)
  A redback (shapeshifter) (D:13)
  14 vampire mosquitoes
  A minotaur simulacrum (IceCv)
  Edmund (D:5)
  2 acid dragons
  16 water moccasins
  2 ettin simulacra (IceCv)
  12 orc warriors
  3 ice beasts
  3 black bears
  2 alligator simulacra (IceCv)
  5 ogres
  10 wolves
  5 centaurs
  2 phantoms
  5 kobold brigands
  2 gnoll sergeants
  17 bullfrogs
  2 deep troll simulacra (IceCv)
  A scorpion (D:5)
  17 wights
  5 killer bees (D:9)
  3 electric eels (Lair:5)
  7 howler monkeys
  5 hounds
  A gnoll bouda (D:7)
  10 orc priests
  5 jellies (Lair:4)
  2 sleepcaps (D:4)
  Jessica (D:2)
  3 iguanas
  14 orc wizards
  11 gnolls
  8 adders
  3 river rats (Sewer)
  3 shadow imps
  A white imp (D:6)
  2 ufetubi
  A worm (D:4)
  5 dart slugs
  65 orcs
  3 ball pythons
  5 bats
  4 endoplasms
  2 giant cockroaches
  11 goblins
  11 hobgoblins
  6 jackals
  23 kobolds
  6 quokkas (D:4)
  3 frilled lizards (D:3)
  10 rats
621 creatures vanquished.

Vanquished Creatures (others)
  2 rime drakes (Lair:4)
2 creatures vanquished.

Grand Total: 623 creatures vanquished

Notes
Turn   | Place    | Note
-------+----------+-------------------------------------------
     0 | D:1      | McKennaii the Demigod Conjurer began the quest for the Orb.
     0 | D:1      | Reached XP level 1. HP: 14/14 MP: 5/5
   336 | D:1      | Reached XP level 2. HP: 20/20 MP: 1/7
   641 | D:1      | Reached skill level 4 in Conjurations
   947 | D:1      | Learned a level 2 spell: Searing Ray
  1084 | D:2      | Noticed Jessica
  1088 | D:2      | Killed Jessica
  1089 | D:2      | Reached XP level 3. HP: 17/26 MP: 2/9
  1442 | D:2      | Reached XP level 4. HP: 33/33 MP: 7/11
  3333 | D:4      | Reached skill level 5 in Conjurations
  3333 | D:4      | Reached XP level 5. HP: 38/38 MP: 13/13
  3553 | D:4      | Noticed a black bear
  3561 | D:4      | Killed a black bear
  3609 | D:4      | Reached XP level 6. HP: 32/45 MP: 15/15
  3654 | D:4      | Found a glowing drain.
  3669 | Sewer    | Entered a sewer
  4012 | Sewer    | HP: 2/45 [poisoned by a kobold brigand]
  4255 | Sewer    | Reached skill level 6 in Conjurations
  5043 | D:5      | Entered Level 5 of the Dungeon
  5192 | D:5      | Reached skill level 5 in Spellcasting
  5192 | D:5      | Reached XP level 7. HP: 44/50 MP: 18/18
  5322 | D:5      | Noticed Edmund
  5336 | D:5      | Killed Edmund
  5485 | D:5      | Learned a level 4 spell: Iskenderun's Mystic Blast
  5574 | D:5      | Reached skill level 7 in Conjurations
  6210 | D:5      | Reached XP level 8. HP: 57/57 MP: 20/20
  6736 | D:6      | Reached skill level 8 in Conjurations
  7197 | D:6      | Reached XP level 9. HP: 62/62 MP: 17/24
  7833 | D:7      | Noticed Joseph
  7874 | D:7      | Reached skill level 9 in Conjurations
  7922 | D:7      | Found a staircase to the Ecumenical Temple.
  8645 | D:7      | Noticed Prince Ribbit
  8651 | D:7      | Killed Prince Ribbit
  9251 | D:7      | Identified the ring of Nuvvupoll {Wiz rPois}
  9372 | D:7      | Killed Joseph
  9373 | D:7      | Reached skill level 10 in Conjurations
 10481 | D:8      | Identified the ring "Bodick" {rN+ AC+4 Int+3}
 10745 | D:9      | Reached XP level 10. HP: 66/69 MP: 20/27
 10771 | D:9      | Found a flagged portal.
 10861 | Bailey   | Entered a bailey
 11064 | Bailey   | Reached skill level 11 in Conjurations
 11203 | Bailey   | Noticed a two-headed ogre
 11212 | Bailey   | Killed a two-headed ogre
 11213 | Bailey   | Reached skill level 10 in Spellcasting
 12086 | D:9      | Noticed Erica
 12095 | D:9      | Killed Erica
 12597 | D:10     | Entered Level 10 of the Dungeon
 12681 | D:10     | Reached skill level 12 in Conjurations
 12831 | D:10     | Reached XP level 11. HP: 23/74 MP: 17/30
 13247 | D:10     | Found a staircase to the Orcish Mines.
 14052 | D:10     | Noticed an angel
 14328 | D:10     | Learned a level 5 spell: Freezing Cloud
 14489 | D:11     | Noticed Erolcha
 14495 | D:11     | Killed Erolcha
 14867 | D:11     | Identified the ring of Ecwyrr {Fly rPois rF+ Int+2}
 14971 | D:11     | Found Fuewk's Armour Shop.
 15030 | D:11     | Bought the +3 warlock's mirror {omnireflect} for 560 gold
                  | pieces
 15030 | D:11     | Found the +3 warlock's mirror {omnireflect}
 15094 | D:11     | Noticed a death yak
 15110 | D:11     | Noticed a death yak
 15111 | D:11     | Noticed a death yak
 15112 | D:11     | Killed a death yak
 15113 | D:11     | Reached skill level 1 in Shields
 15326 | D:11     | Killed a death yak
 15500 | D:11     | Reached skill level 13 in Conjurations
 15503 | D:11     | Killed a death yak
 15850 | D:11     | Found a staircase to the Lair.
 16793 | D:12     | Noticed a boulder beetle
 16860 | Lair:1   | Entered Level 1 of the Lair of Beasts
 17244 | Lair:1   | Reached XP level 12. HP: 57/81 MP: 16/32
 18362 | Lair:2   | Noticed a seven-headed hydra
 18371 | Lair:2   | Killed a seven-headed hydra
 18661 | Lair:2   | Noticed a boulder beetle
 18668 | Lair:2   | Killed a boulder beetle
 18669 | Lair:2   | Reached skill level 5 in Shields
 19569 | Lair:3   | Reached skill level 14 in Conjurations
 19710 | Lair:3   | Found a staircase to the Shoals.
 19996 | Lair:3   | Found a hole to the Spider Nest.
 20284 | Lair:3   | Found a runed translucent door.
 20286 | Lair:3   | Noticed Nefuv's ghost (journeyman MiBe)
 20553 | Lair:3   | Killed Nefuv's ghost
 20954 | Lair:4   | Found a staircase to the Slime Pits.
 21963 | Lair:4   | Noticed a fire dragon
 21969 | Lair:4   | Killed a fire dragon
 21993 | Lair:4   | Reached XP level 13. HP: 86/86 MP: 3/35
 23001 | Lair:5   | Entered Level 5 of the Lair of Beasts
 23061 | Lair:5   | Reached skill level 15 in Conjurations
 23062 | Lair:5   | Found a dark tunnel.
 23102 | Volcano  | Entered a volcano
 23222 | Volcano  | Noticed a red draconian
 23235 | Volcano  | Killed a red draconian
 24952 | Lair:4   | Reached skill level 16 in Conjurations
 26408 | Lair:5   | Reached XP level 14. HP: 62/93 MP: 25/38
 27128 | D:12     | Reached skill level 15 in Spellcasting
 28041 | D:12     | Found a portal to a secret trove of treasure.
 28074 | D:12     | You paid a toll of 4 scrolls of fog to enter a treasure
                  | trove
 28075 | Trove    | Entered a treasure trove
 28080 | Trove    | Identified the ring "Fiynk" {rN+ Stlth+}
 28094 | Trove    | Identified the +0 hat of Negation {+Blink rC- rN++ rCorr}
 28111 | Trove    | Identified the ring "Raduxt" {rF+ MP+9 SInv}
 28117 | Trove    | Identified the ring of Fuir {rPois Str+5 Int-5 Dex-5
                  | Stlth+}
 28128 | Trove    | Identified the ring "Fafoass" {rPois SInv}
 28147 | Trove    | Identified the amulet "Holuty" {Reflect rElec rF++ Will-
                  | SH+5}
 28149 | Trove    | Identified the amulet "Acaet" {Acrobat rN++}
 28910 | D:13     | Found a transporter.
 29211 | D:13     | Found a transporter.
 29386 | D:13     | Found a gate to the Vaults.
 29669 | D:13     | Noticed laial's ghost (journeyman DsBe)
 30716 | D:14     | Reached skill level 17 in Conjurations
 31031 | D:14     | Noticed Nessos
 31039 | D:14     | Killed Nessos
 31376 | D:15     | Entered Level 15 of the Dungeon
 31784 | D:15     | Found a frozen archway.
 31926 | IceCv    | Entered an ice cave
 33194 | IceCv    | Noticed a reaper
 33194 | IceCv    | Noticed a reaper
 33235 | IceCv    | Noticed a reaper
 33321 | IceCv    | Killed a reaper
 33544 | IceCv    | Noticed a reaper
 33553 | IceCv    | Killed a reaper
 33662 | IceCv    | Killed a reaper
 33913 | IceCv    | Slain by a reaper

Illustrated notes

Levels and vault maps discovered:
D:1:      dpeg_arrival_line_fractal, layout_basic
D:2:      layout_loops_ring, basic_altar, uniq_jessica
D:3:      layout_basic, mainiacjoe_overflow_24_doors,
          nicolae_dithmenos_the_darkroom, fedhas_altar_3, serial_forest,
          infiniplex_forest_lined_3, infiniplex_forest_lined_4_way,
          infiniplex_forest_clump_medium, infiniplex_forest_straight_4,
          infiniplex_forest_clump_small, infiniplex_forest_straight_4,
          infiniplex_forest_end_1, infiniplex_forest_clump_long,
          infiniplex_forest_lined_corner, infiniplex_forest_clump_large,
          st_stairs_1, eino_curves_01, small_statue_intersection
D:4:      layout_layer_cave, gup_sewer_entry_pipe
D:5:      layout_cave_pods, mainiacjoe_overflow_alcove_1,
          mainiacjoe_overflow_alcove_2, nicolae_wu_jian_glorious_leap,
          nrook_pool_corridor, uniq_edmund
D:6:      layout_loops_ring, grunt_gozag_breadcrumbs, minmay_misc_feat_enclosed
D:7:      layout_basic, mainiacjoe_overflow_surrounded_room, tgw_xom,
          uniq_prince_ribbit1, uniq_joseph
D:8:      layout_loops_cross, minmay_misc_feat_diagonals
D:9:      layout_loops_ring, kennysheep_slug_shrine,
          mainiacjoe_overflow_catwalk, enter_bailey_5, uniq_erica
D:10:     layout_loops_ring, zin_angel, lemuel_crystal_altar, david_orc_5,
          kennysheep_generic_room_8
D:11:     layout_loops_ring, dpeg_lair_monsters, serial_shops,
          nicolae_shop_tiny_real_fake_doors, nicolae_tso_swordbearing_angel,
          uniq_erolcha
D:12:     layout_basic, enter_trove_5
D:13:     layout_stronghold, david_vaults_2, nzn_ghost_randoct
D:14:     layout_loops_ring, minmay_misc_feat_roman, uniq_nessos
D:15:     hangedman_depths_entry_civil_slaughter, layout_basic,
          portal_ice_cave_entry_ice_statue_two, uniq_louise
Lair:1:   hellmonk_destroyed_diamonds, layout_cave_shapes,
          cheibrodos_lair_caveside_slide
Lair:2:   layout_regular_city, chequers_serial_rivers_small_b,
          grunt_forest_large_clearing_hut, grunt_megastairs_5,
          serial_bayou_shore_b
Lair:3:   layout_roguey, nicolae_shoals_entry_roost,
          hellmonk_spider_entry_life_and_decay, ebering_ghost_inner_flame
Lair:4:   layout_small_grid, nicolae_slime_entry_field_trip,
          pdpol_lair_neglected_garden, serial_bayou_pond_a,
          bobbens_dragon_lair_wall
Lair:5:   minmay_lair_end_frog_pond, layout_layer_cave, serial_bayou,
          serial_bayou_ford_a, serial_bayou_pond_d, serial_bayou_pond_d,
          serial_bayou_pond_c, nicolae_volcano_entry_batcave
IceCv:    ice_cave_small_demon

Skill      XL: |  1  2  3  4  5  6  7  8  9 10 11 12 13 14 |
---------------+-------------------------------------------+-----
Spellcasting   | 2 3 4 5 6 7 9 10 12 13 14 15 | 15.9
Conjurations   | 4 5 6 7 8 10 12 13 14 16 17 | 17.4
Shields        | 3 5 7 |  7.2
Dodging        | |  1.7
Stealth        | |  1.7

Action                     |  1- 3 |  4- 6 |  7- 9 | 10-12 | 13-15 || total
---------------------------+-------+-------+-------+-------+-------++-------
  Melee: Dagger            |       |     8 |     7 |       |       ||    15
         Spear             |       |       |     6 |       |       ||     6
         Scimitar          |       |       |       |    32 |    66 ||    98
   Cast: Magic Dart        |    53 |    98 |   177 |   252 |   175 ||   755
         Searing Ray       |     2 |    27 |    64 |   112 |    64 ||   269
         Iskenderun's Myst |       |       |    17 |   153 |   291 ||   461
         Freezing Cloud    |       |       |       |     6 |    46 ||    52
  Evoke: Wand              |       |       |       |     3 |    31 ||    34
    Use: Scroll            |       |       |     8 |     8 |    13 ||    29
         Potion            |       |       |       |     1 |     6 ||     7
 Armour: Robe              |     1 |       |    18 |    63 |     9 ||    91
         Steam dragon scal |       |       |       |       |    86 ||    86
  Dodge: Dodged            |     5 |    42 |    49 |    75 |    97 ||   268
  Block: Other             |       |     6 |    17 |    17 |       ||    40
         Reflection        |       |     1 |     2 |    12 |    11 ||    26
         Buckler           |       |       |       |    62 |   181 ||   243
